 Dungeon Crawl Stone Soup version 0.31-a0-219-g8d62b2e7bb (webtiles) character file.

Game seed: 9764926298968535985

44 promet the Magician (level 3, -3/28 HPs)
             Began as a Gnoll Wanderer on July 3, 2023.
             Killed from afar by Sigmund (12 damage)
             ... with a puff of flame
             ... on level 2 of the Dungeon.
             The game lasted 00:09:22 (1964 turns).

promet the Magician (Gnoll Wanderer)                Turns: 1964, Time: 00:09:23

Health: -3/28      AC:  2    Str: 11    XL:     3   Next: 62%
Magic:  9/9        EV: 13    Int: 13    God:
Gold:   116        SH:  0    Dex: 11    Spells: 8/12 levels left

rFire   . . .        a - +1 spear
rCold   . . .        e - orb {*Rage}
rNeg    . . .        c - +0 robe
rPois   .            (no helmet)
rElec   .            (no cloak)
rCorr   .            (no gloves)
SInv    .            (no boots)
Will    .....        (no amulet)
Stlth   +            (no ring)
HPRegen 0.24/turn    (no ring)
MPRegen 0.11/turn

%: random rage (20%)
@: confused, on berserk cooldown, slowed, very slow
A: fangs 1, strong nose, distributed training
a: no special abilities


You were on level 2 of the Dungeon.
You visited 1 branch of the dungeon, and saw 2 of its levels.

You collected 116 gold pieces.

Inventory:

Hand Weapons
 a - a +1 spear (weapon)
 b - a +0 sling
 g - a +0 club
Armour
 c - a +0 robe (worn)
 e - an orb of wrath (worn)
Wands
 d - a wand of flame (2) (quivered)
Scrolls
 k - a scroll of poison {unknown}
Potions
 f - 2 potions of curing {unknown}
 h - a potion of berserk rage {unknown}
 i - a potion of enlightenment {unknown}
 j - a potion of haste {unknown}


   Skills:
 + Level 2.6 Fighting
 + Level 0.9 Short Blades
 + Level 0.9 Long Blades
 + Level 0.9 Axes
 + Level 0.9 Maces & Flails
 + Level 0.9 Polearms
 + Level 0.9 Staves
 + Level 0.9 Ranged Weapons
 + Level 0.9 Throwing
 + Level 0.9 Armour
 + Level 4.5 Dodging
 + Level 0.9 Stealth
 + Level 0.9 Shields
 + Level 0.9 Unarmed Combat
 + Level 5.0 Spellcasting
 + Level 0.6 Conjurations
 + Level 0.6 Hexes
 + Level 0.6 Summonings
 + Level 0.6 Necromancy
 + Level 0.6 Translocations
 + Level 0.6 Transmutations
 + Level 3.8 Fire Magic
 + Level 2.1 Ice Magic
 + Level 0.6 Air Magic
 + Level 0.6 Earth Magic
 + Level 0.6 Poison Magic
 + Level 1.0 Invocations
 + Level 4.5 Evocations


You had 8 spell levels left.
You knew the following spells:

 Your Spells              Type           Power      Damage    Failure   Level
a - Scorch                Fire           26%        2d6       6%          2
b - Freeze                Ice            32%        1d5       8%          1
c - Foxfire               Conj/Fire      36%        2x1d5     8%          1

Your spell library contained the following spells:

 Spells                   Type           Power      Damage    Failure   Level
 Shock                    Conj/Air       16%        1d4       14%         1
 Volatile Blastmotes      Fire/Tloc      18%        2d11      22%         3
 Hailstorm                Conj/Ice       6%         3d4       32%         3
 Swiftness                Air            4%         N/A       41%         3
 Airstrike                Air            2%         2d(1-17)  82%         4


Dungeon Overview and Level Annotations

Branches:
Dungeon (2/15)

Altars:

Annotations:
D:2 Sigmund


Innate Abilities, Weirdness & Mutations

You have very sharp teeth.
Your uncanny sense of smell can sniff out nearby items.
Your experience applies equally to all skills.


Message History

Aim: Sigmund, wielding a +1 scythe of venom and wearing a +1 robe of positive energy (heavily wounded, 71% to hit)
The puff of flame hits Sigmund.
Sigmund is almost dead.
Casting: Freeze (safe; 8% risk of failure)
Confirm with . or Enter, or press ? or * to list all spells.
You conjure some foxfire!
Sigmund gestures wildly while chanting.
Sigmund flickers and vanishes!
Deactivating autopickup; reactivate with Ctrl-A.
You recover from your berserk rage.
The foxfire hits something but does no damage.
The foxfire hits something.
You hear some strange, mumbled words.
A magic dart appears from out of thin air!
The magic dart hits you!
A red film seems to cover your vision as you go berserk!
You feel yourself moving faster!
You feel mighty!
You barely miss something. Something hits you!
You closely miss something.
You hear some strange, mumbled words.
You are confused.
You bump into the rock wall.
You are too berserk!
You bump into the rock wall.
You feel a strong urge to attack something.
Something barely misses you.
You bump into the rock wall.
You're too confused to move!
You feel your anger nearly subside. Something hits you!
* * * LOW HITPOINT WARNING * * *
You bump into the rock wall.
You are no longer berserk.
You are exhausted.
You feel yourself slow down.
You bump into the rock wall.
You hear some strange, mumbled words.
A puff of flame appears from out of thin air!
The puff of flame hits you!
You die...

#.# #.# #.# #.# #.# #.#
##.###.# ### .....#.#
#.. .#.#.#.# #.#
....^..# #.# # .
.#.#.### #.#####.#....
.....#######....@.......
##............###{#####.
###########.## .# ###
#.# .# ... #.# .# ∆ ###
#.# .# ... .! .## .# .


There were no monsters in sight!

Vanquished Creatures
  An adder (D:2)
  3 ball pythons (D:1)
  3 bats (D:1)
  4 endoplasms
  3 giant cockroaches (D:1)
  2 goblins
  4 hobgoblins (D:1)
  2 jackals (D:2)
  3 kobolds
  A quokka (D:1)
  2 frilled lizards
  3 rats
31 creatures vanquished.

Vanquished Creatures (others)
  6 foxfires (D:2)
6 creatures vanquished.

Grand Total: 37 creatures vanquished

Notes
Turn   | Place    | Note
-------+----------+-------------------------------------------
     0 | D:1      | promet the Gnoll Wanderer began the quest for the Orb.
     0 | D:1      | promet set off with the following items: a +0 club, a
                  | scroll of vulnerability, a +0 robe, a wand of flame (6);
                  | and the following spells available to memorise: Scorch,
                  | Freeze, Foxfire, Volatile Blastmotes, Hailstorm.
     0 | D:1      | Reached XP level 1. HP: 17/17 MP: 6/6
   386 | D:1      | Reached XP level 2. HP: 23/23 MP: 7/7
  1241 | D:1      | Reached skill level 5 in Spellcasting
  1241 | D:1      | Reached XP level 3. HP: 25/28 MP: 7/9
  1244 | D:1      | Learned a level 2 spell: Scorch
  1246 | D:1      | Learned a level 1 spell: Freeze
  1249 | D:1      | Learned a level 1 spell: Foxfire
  1816 | D:2      | Reached skill level 1 in Invocations
  1948 | D:2      | Noticed Sigmund
  1964 | D:2      | Killed from afar by Sigmund

Illustrated notes

Levels and vault maps discovered:
D:1:      wander_arrival_estate, layout_basic
D:2:      layout_loops_ring, amcnicky_mini_corridor_feature, minivault_4,
          uniq_terence, uniq_sigmund

Skill      XL: |  1  2  3 |
---------------+----------+-----
Ice Magic      | 2 |  2.1
Spellcasting   | 5 |  5.0
Invocations    | 1 |  1.0
Fighting       | |  2.6
Short Blades   | |  0.9
Long Blades    | |  0.9
Axes           | |  0.9
Maces & Flails | |  0.9
Polearms       | |  0.9
Staves         | |  0.9
Ranged Weapons | |  0.9
Throwing       | |  0.9
Armour         | |  0.9
Dodging        | |  4.5
Stealth        | |  0.9
Shields        | |  0.9
Unarmed Combat | |  0.9
Conjurations   | |  0.6
Hexes          | |  0.6
Summonings     | |  0.6
Necromancy     | |  0.6
Translocations | |  0.6
Transmutations | |  0.6
Fire Magic     | |  3.8
Air Magic      | |  0.6
Earth Magic    | |  0.6
Poison Magic   | |  0.6
Evocations     | |  4.5

Action                     || total
---------------------------++-------
  Melee: Club              ||    29
         Bite              ||    11
         Spear             ||    60
   Fire: Sling             ||    11
   Cast: Foxfire           ||     3
         Freeze            ||     2
         Scorch            ||     2
  Evoke: Wand              ||     4
    Use: Scroll            ||     2
 Armour: Robe              ||    20
  Dodge: Dodged            ||    49

Table legend: (Time is in decaauts)
 A = Elapsed time spent in this place.
 B = Non-inter-level travel time spent in this place.
 C = Inter-level travel time spent in this place.
 D = Time resting spent in this place.
 E = Time spent auto-exploring this place.
 F = Levels seen in this place.
 G = Mean time per level.
                   A        B        C        D        E       F      G
               +--------+--------+--------+--------+--------+-----+--------+
         Total |   2066 |   2062 |      4 |    748 |    730 |   2 | 1033.0 |
       Dungeon |   2066 |   2062 |      4 |    748 |    730 |   2 | 1033.0 |
               +--------+--------+--------+--------+--------+-----+--------+

Top non-repeatable levels by time:
     D:1: 1485 daAuts
     D:2: 580 daAuts
